 Dungeon Crawl Stone Soup version bcrawl-1.38.2 (webtiles) character file.

Game seed: 3120327513124976995

148699 AlmostAGhost the Skirmisher (level 4, -5/37 HPs)
             Began as a Demonspawn Abyssal Knight on May 6, 2023.
             Was a Believer of Lugonu.
             Killed from afar by Sigmund (8 damage)
             ... with a puff of flame
             ... on level 1 of the Dungeon.
             The game lasted 00:05:38 (1345 turns).

AlmostAGhost the Skirmisher (DsAK)                  Turns: 1345, Time: 00:05:39

Health: -5/37      AC:  6    Str: 20    XL:     4   Next: 11%
Magic:  6/6        EV: 10    Int: 11    God:    Lugonu [**....]
Gold:   114        SH:  0    Dex: 13    Spells: 3/3 levels left

rFire    . . .     GDR:     27% j - +2 hand axe (freeze)
rCold    . . .     SeeInvis .   (no shield)
rNeg     . . .     Gourm    .   h - +0 scale mail
rPois    .         Faith    .   (no helmet)
rElec    .         Spirit   .   (no cloak)
rCorr    .         Reflect  .   (no gloves)
MR       .....                  (no boots)
Stlth    ..........             (no amulet)
HPRegen  0.16/turn              (no ring)
MPRegen  0.10/turn              (no ring)

@: mighty
A: powered by death 1, powered by pain 1
a: Depart the Abyss, Bend Space, Banish, Renounce Religion


You were on level 1 of the Dungeon.
You worshipped Lugonu.
Lugonu was pleased with you.
You were not hungry.

You visited 1 branch of the dungeon, and saw 2 of its levels.
You visited the Abyss 1 time.

You collected 114 gold pieces.

Inventory:

Hand Weapons
 a - a +0 long sword
 j - a +2 hand axe of freezing (weapon)
Missiles
 c - 10 tomahawks of dispersal {=f}
 d - 874 stones (quivered)
 g - 93 poisoned tomahawks
Armour
 b - a +0 ring mail
 h - a +0 scale mail (worn)
Jewellery
 l - a +4 ring of intelligence {unknown}
Scrolls
 f - 2 scrolls of remove curse {unknown}
 i - a scroll of identify
Comestibles
 e - 3 rations {!d}
 k - a chunk of flesh


   Skills:
 + Level 3.8 Fighting
 - Level 2.5 Long Blades
 * Level 0.1 Axes
 + Level 0.8 Throwing
 + Level 2.2 Armour
 + Level 1.1 Dodging
 + Level 3.2 Invocations


You had 3 spell levels left.
You didn't know any spells.
Your spell library was empty.

Dungeon Overview and Level Annotations

Branches:
Dungeon (2/12)

Altars:
Dithmenos
Uskayaw

Annotations:
D:1 Sigmund


Innate Abilities, Weirdness & Mutations

You regenerate a little health from kills.
You sometimes gain a little power by taking damage.


Message History

Something hits you.
* * * LOW HITPOINT WARNING * * *
You are confused.
You aren't carrying any potions.
You're too confused!
You're too confused to move!
You are more confused.
You're too confused to move!
Something hits you.
* * * LOW HITPOINT WARNING * * *
No path to travel!
You feel less confused.
You see here a +0 club.
A magic dart appears from out of thin air!
The magic dart hits you.
* * * LOW HITPOINT WARNING * * *
Sigmund appears from thin air!
Reactivating autopickup.
Sigmund gestures at you while chanting. The puff of flame hits you!
You die...

.......###................(...#
....##.###.........#..........#
#..)##..##.......^##..........#
..#####..#..........##.########
...#####..........#....#
.#...........##...##...#
.#..............###..########
.#....................#.....# ##
.......)...@....@..####'###'####.
........................≈≈≈...##.
#####>.............#..#######.#..
....#..............#.#........#..
#.#.#..............#.#...........
.##.####)#.........#...........#.
#.#.####.#.........##.........[#.
#.#.#..#...........###.........#.
#.#.###..#.........# ##........#.


You could see Sigmund.

Vanquished Creatures
  Terence (D:2)
  2 dart slugs
  2 ball pythons
  5 goblins
  5 hobgoblins
  6 jackals (D:2)
  2 quokkas (D:2)
  4 bats
  3 frilled lizards
  8 kobolds
  4 rats
42 creatures vanquished.

Notes
Turn   | Place    | Note
-------+----------+-------------------------------------------
     0 | Abyss:1  | AlmostAGhost the Demonspawn Abyssal Knight began the quest
                  | for the Orb.
     0 | Abyss:1  | Reached XP level 1. HP: 18/18 MP: 2/2
     0 | D:1      | Escaped the Abyss
   184 | D:1      | Reached * piety under Lugonu
   185 | D:1      | Gained mutation: You sometimes gain a little power by
                  | taking damage. [demonic ancestry]
   185 | D:1      | Reached XP level 2. HP: 24/24 MP: 2/4
   356 | D:1      | Reached skill level 1 in Dodging
   825 | D:2      | Reached XP level 3. HP: 13/29 MP: 5/5
   926 | D:2      | Found a shadowy altar of Dithmenos.
  1077 | D:2      | Noticed Terence
  1089 | D:2      | Killed Terence
  1090 | D:2      | Gained mutation: You regenerate a little health from kills.
                  | [demonic ancestry]
  1090 | D:2      | Reached XP level 4. HP: 12/37 MP: 6/6
  1269 | D:2      | Reached ** piety under Lugonu
  1270 | D:2      | Noticed a +0 short sword
  1270 | D:2      | Noticed a +0 falchion
  1271 | D:2      | Noticed a +0 spear
  1271 | D:2      | Noticed a +0 dagger
  1273 | D:2      | Noticed a +0 dagger
  1275 | D:2      | Noticed a +0 short sword
  1276 | D:2      | Noticed a +0 spear
  1290 | D:2      | Noticed a +0 falchion
  1291 | D:2      | Found a hide-covered altar of Uskayaw.
  1300 | D:2      | Noticed Sigmund
  1345 | D:1      | Killed from afar by Sigmund

Skill      XL: |  1  2 |
---------------+-------+-----
Invocations    | 3 |  3.2
Dodging        | 1 |  1.1
Long Blades    | 2 |  2.5
Armour         | 2 |  2.2
Fighting       | |  3.8
Axes           | |  0.1
Throwing       | |  0.8

Action                   |  1- 3 |  4- 6 || total
-------------------------+-------+-------++-------
Melee: Long sword        |   117 |       ||   117
       Hand axe          |       |    15 ||    15
Invok: Depart the Abyss  |     1 |       ||     1
  Use: Potion            |     1 |       ||     1
  Eat: Chunk             |     1 |     1 ||     2
       Ration            |     1 |       ||     1
Armor: Scale mail        |    59 |     8 ||    67
       Ring mail         |     5 |       ||     5
Dodge: Dodged            |    61 |    11 ||    72
